 Dungeon Crawl Stone Soup version 0.30.0 (webtiles) character file.

Game seed: 13694271821860841184

5 workbot the Caller (level 1, -3/14 HPs)
             Began as a Hill Orc Summoner on May 5, 2023.
             Slain by a hobgoblin (5 damage)
             ... on level 1 of the Dungeon.
             The game lasted 00:01:37 (86 turns).

workbot the Caller (Hill Orc Summoner)                Turns: 86, Time: 00:01:38

Health: -3/14      AC:  2    Str: 10    XL:     1   Next: 80%
Magic:  1/3        EV: 12    Int: 15    God:
Gold:   0          SH:  0    Dex: 11    Spells: 2/3 levels left

rFire   . . .        c - +0 club
rCold   . . .        (no shield)
rNeg    . . .        a - +0 robe
rPois   .            (no helmet)
rElec   .            (no cloak)
rCorr   .            (no gloves)
SInv    .            (no boots)
Will    .....        (no amulet)
Stlth   ++           (no ring)
HPRegen 0.22/turn    (no ring)
MPRegen 0.08/turn

%: no passive effects
@: very slightly contaminated
A: no striking features
a: no special abilities


You were on level 1 of the Dungeon.
You visited 1 branch of the dungeon, and saw 1 of its levels.

Inventory:

Hand Weapons
 c - a +0 club (weapon)
Armour
 a - a +0 robe (worn)
Potions
 b - a potion of magic


   Skills:
 - Level 1.5 Dodging
 - Level 1.5 Stealth
 + Level 1.8 Spellcasting
 + Level 4.1 Summonings


You had 2 spell levels left.
You knew the following spells:

 Your Spells              Type           Power      Damage    Failure   Level
a - Summon Small Mammal   Summ           52%        N/A       4%          1

Your spell library contained the following spells:

 Spells                   Type           Power      Damage    Failure   Level
 Call Imp                 Summ           26%        N/A       6%          2
 Call Canine Familiar     Summ           13%        N/A       12%         3
 Summon Guardian Golem    Hex/Summ       7%         N/A       28%         3
 Summon Lightning Spire   Summ/Air       7%         N/A       67%         4


Dungeon Overview and Level Annotations

Branches:
Dungeon (1/15)

Altars:


Message History

You barely miss the quokka.
The quokka is almost dead.
Your bat hits the quokka.
The quokka dies!
The ball python closely misses your bat.
The ball python completely misses your bat.
You hit the ball python but do no damage.
The ball python is severely wounded.
Your bat hits the ball python.
The ball python dies!
The goblin closely misses your bat.
Your bat misses the goblin.
The goblin hits your bat with a +0 club.
Your bat dies!
Your bat's corpse disappears in a puff of smoke!
Casting: Summon Small Mammal (safe; 4% risk of failure)
Confirm with . or Enter, or press ? or * to list all spells.
You miscast Summon Small Mammal.
You are very lightly contaminated with residual magic.
Nothing appears to happen.
You hit the goblin.
The goblin is heavily wounded.
You closely miss the goblin.
The goblin is heavily wounded.
The goblin closely misses you. The hobgoblin hits you.
The goblin hits you but does no damage.
You barely miss the goblin. Your punch misses the goblin.
The goblin is heavily wounded.
The hobgoblin hits you. The goblin hits you with a +0 club.
* * * LOW HITPOINT WARNING * * *
Casting: Summon Small Mammal (safe; 4% risk of failure)
Confirm with . or Enter, or press ? or * to list all spells.
Okay, then.
Unknown command.
You hit the goblin but do no damage.
The goblin is heavily wounded.
The goblin hits you with a +0 club.
* * * LOW HITPOINT WARNING * * *
The hobgoblin hits you.
You die...

...)....##..~≈~....~~≈~~†##.
).......##.~~~..~.≈.~≈≈≈~...
........##...~..≈≈≈~.~≈~..~~
........####..~~≈≈~...~~†~~.
........#####.~≈≈≈~.<..≈≈≈~.
....>......#.~~~≈≈~...~≈≈~≈~
.......g..##...~~~≈~.~~≈~~..
.......S##g###...~≈≈~.~~....
........##g@#......~~~......
.........##....~....≈~.##..#
........g ###...##########..
.......... .#### ##
.......... ## #...(......


You could see a hobgoblin and a goblin.

Vanquished Creatures
  A goblin (D:1)
  A rat (D:1)
2 creatures vanquished.

Vanquished Creatures (collateral kills)
  A ball python (D:1)
  A quokka (D:1)
  A bat (D:1)
3 creatures vanquished.

Grand Total: 5 creatures vanquished

Notes
Turn   | Place    | Note
-------+----------+-------------------------------------------
     0 | D:1      | workbot the Hill Orc Summoner began the quest for the Orb.
     0 | D:1      | Reached XP level 1. HP: 14/14 MP: 3/3
    86 | D:1      | Slain by a hobgoblin

Illustrated notes

Levels and vault maps discovered:
D:1:      dpeg_arrival_subterranean_lakeside_camping, layout_rooms, hex_medium,
          minmay_misc_feat_hallway

Action                     || total
---------------------------++-------
  Melee: Club              ||     9
         Unarmed           ||     6
   Cast: Summon Small Mamm ||     4
 Armour: Robe              ||     3
  Dodge: Dodged            ||    12
